 Dungeon Crawl Stone Soup version 0.28-a0-1374-ga75cb3825e (webtiles) character file.

Game seed: 16756569018855179373

3660 pokeman the Thaumaturge (level 9, 0/51 HPs)
             Began as a Deep Elf Hedge Wizard on Dec 31, 2021.
             Was a Follower of Vehumet.
             Slain by a troll (5 damage)
             ... on level 7 of the Dungeon.
             The game lasted 00:31:28 (11067 turns).

pokeman the Thaumaturge (Deep Elf Hedge Wizard)    Turns: 11067, Time: 00:31:29

Health: 0/51       AC:  7    Str: 13    XL:     9   Next: 89%
Magic:  20/27      EV: 12    Int: 30    God:    Vehumet [*.....]
Gold:   396        SH:  0    Dex: 14    Spells: 21/33 levels left

rFire   + . .      SeeInvis .   B - +3 rapier (venom)
rCold   . . .      Faith    .   (no shield)
rNeg    . . .      Spirit   .   C - +2 leather armour {rF+}
rPois   .          Reflect  .   z - +0 helmet
rElec   .          Harm     .   (no cloak)
rCorr   .          Rampage  .   R - +0 pair of gloves
Will    .....                   (no boots)
Stlth   ++........              (no amulet)
HPRegen 0.17/turn               K - +6 ring of intelligence
MPRegen 0.20/turn               y - +6 ring of strength

@: no status effects
A: no striking features
a: Renounce Religion


You were on level 7 of the Dungeon.
You worshipped Vehumet.
Vehumet was aware of your devotion.
You visited 2 branches of the dungeon, and saw 9 of its levels.
You also visited: Ossuary and Bailey.

You collected 396 gold pieces.

Inventory:

Hand Weapons
 B - a +3 rapier of venom (weapon)
 Q - a +1 dagger of electrocution
Missiles
 b - 88 arrows
 H - 39 bolts
Armour
 z - a +0 helmet (worn)
 C - a +2 leather armour of fire resistance (worn)
 I - the +4 ring mail "Pimiciat" {rElec rF- rCorr Int+4}
   (You found it on level 5 of the Dungeon)

   Int:       It affects your intelligence (+4).
   rF:        It makes you vulnerable to fire.
   rElec:     It insulates you from electricity.
   rCorr:     It protects you from acid and corrosion.
 N - an orb of guile
 R - a +0 pair of gloves (worn)
Magical Staves
 s - a staff of death
Jewellery
 f - a ring of flight
 x - an amulet of guardian spirit
 y - a +6 ring of strength (right hand)
 K - a +6 ring of intelligence (left hand)
Wands
 m - a wand of paralysis (5)
 w - a wand of polymorph (8)
 A - a wand of flame (25)
 O - a wand of iceblast (6)
 S - a wand of acid (10)
Scrolls
 c - a scroll of holy word {unknown}
 d - a scroll of acquirement {unknown}
 h - 8 scrolls of identify {unknown}
 i - 3 scrolls of fog {unknown}
 l - 3 scrolls of noise {unknown}
 n - a scroll of summoning {unknown}
 q - a scroll of brand weapon {unknown}
 t - 3 scrolls of teleportation {unknown}
 E - 2 scrolls of immolation
 F - a scroll of fear {unknown}
 J - 3 scrolls of blinking {unknown}
Potions
 a - 3 potions of lignification {unknown}
 e - a potion of magic {unknown}
 g - a potion of brilliance {unknown}
 j - 2 potions of mutation {unknown}
 k - 2 potions of degeneration {unknown}
 o - 4 potions of curing {unknown}
 p - a potion of attraction {unknown}
 r - 2 potions of berserk rage {unknown}
 u - 2 potions of cancellation {unknown}
 v - a potion of resistance {unknown}
 D - a potion of ambrosia {unknown}
 G - a potion of might {unknown}
 L - 2 potions of heal wounds {unknown}
 M - 2 potions of haste {unknown}
 P - 6 potions of flight


   Skills:
 + Level 3.6 Fighting
 - Level 3.0 Armour
 - Level 3.0 Dodging
 - Level 3.0 Stealth
 * Level 12.5 Spellcasting
 + Level 6.9 Conjurations
 - Level 1.1 Summonings
 - Level 1.0 Necromancy
 - Level 1.1 Translocations
 + Level 5.9 Fire Magic
 - Level 1.1 Air Magic
 - Level 1.1 Poison Magic
 - Level 1.3 Evocations


You had 21 spell levels left.
You knew the following spells:

 Your Spells              Type           Power      Damage    Failure   Level
a - Magic Dart            Conj           100%       1d8       1%          1
b - Mephitic Cloud        Conj/Pois/Air  37%        N/A       3%          3
c - Call Imp              Summ           25%        N/A       3%          2
d - Blink                 Tloc           50%        N/A       3%          2
e - Conjure Flame         Conj/Fire      55%        6-21      1%          3
f - Foxfire               Conj/Fire      100%       2x1d9     1%          1

Your spell library contained the following spells:

 Spells                   Type           Power      Damage    Failure   Level
 Slow                     Hex            72%        N/A       3%          1
 Lightning Bolt           Conj/Air       21%        1d36      19%         5
 Airstrike                Air            12%        N/A       22%         4
 Summon Lightning Spire   Summ/Air       25%        N/A       22%         4


Dungeon Overview and Level Annotations

Branches:
Dungeon (8/15)             Temple (1/1) D:5         Ossuary (visited)
 Bailey (visited)
   Lair: D:8-11

Altars:
Ashenzari
Cheibriados
Dithmenos
Elyvilon
Fedhas
Hepliaklqana
Kikubaaqudgha
Makhleb
Nemelex Xobeh
Okawaru
Qazlal
Ru
Trog
Uskayaw
Vehumet
Wu Jian
Xom
Yredelemnul
Zin
The Shining One

Annotations:
D:5 1 runed translucent door, frimble's ghost, novice DsWr


Message History

You feel stable enough to blink again.
The troll is engulfed in noxious fumes.
The troll appears confused.
The fire ignites!
The troll chortles and stares into space.
You start resting.
A troll is nearby!
There is a stone staircase leading down here.
There is a stone staircase leading up here.
Casting: Conjure Flame (safe; 1% risk of failure)
Confirm with . or Enter, or press ? or * to list all spells.
You blink.
Casting: Blink (safe; 3% risk of failure)
Confirm with . or Enter, or press ? or * to list all spells.
The fire begins to smoulder!
You feel stable enough to blink again.
The fire ignites!
Casting: Conjure Flame (safe; 1% risk of failure)
Confirm with . or Enter, or press ? or * to list all spells.
Aiming: Mephitic Cloud (dangerous; 3% risk of failure)
Press: ? - help, Shift-Dir - straight line, f/p - troll
Aim: a troll (chance to affect: 67%)
The ball explodes into a vile cloud!
The stinking cloud engulfs the troll but does no damage.
The troll is engulfed in noxious fumes.
Unknown command.
Unknown command.
You closely miss the troll.
The troll is engulfed in blazing flames.
The troll bites you! The troll claws you! x2
* * * LOW HITPOINT WARNING * * *
Unknown command.
You closely miss the troll.
The troll is moderately wounded.
The troll is engulfed in blazing flames.
The troll bites you.
* * * LOW HITPOINT WARNING * * *
The troll claws you!
* * * LOW HITPOINT WARNING * * *
The troll claws you.
You die...

#.# #####.≈ #.#
##.≈ #.# ##..≈
####.##### ##....
#........# ##.....
#.##.....###......
#.##.......+......
#.##.....###......
#@###..#.# ##.....
#T###.##.# ##....
#○○......# ##...
#####.#### ##'#
####.#### #.#
#.......# #####.#
#.##.##<###......
#.##.##.#..>##...
#.##........#..#.


You could see a troll.

Vanquished Creatures
  2 orc knights (Bailey)
  Grinder (D:6)
  Eustachio (D:4)
  5 orc warriors (Bailey)
  2 black bears
  A necrophage (D:4)
  3 sky beasts
  An ogre (D:6)
  An elf zombie (Ossuary)
  2 bullfrogs (D:7)
  2 water moccasin skeletons
  3 wights (D:7)
  A bullfrog zombie (D:5)
  5 hounds
  3 jellies
  An orc priest (D:7)
  2 human zombies (Ossuary)
  Ijyb (D:3)
  Terence (D:3)
  4 orc wizards
  3 iguanas
  2 mummies (Ossuary)
  Robin (D:4)
  A howler monkey skeleton (D:7)
  9 adders
  3 white imps
  An adder zombie (Ossuary)
  3 worms
  3 dart slugs
  16 orcs
  6 endoplasms
  6 giant cockroaches
  16 goblins
  9 hobgoblins
  19 kobolds
  5 quokkas
  10 ball pythons
  5 bats
  3 frilled lizards
  A goblin zombie (D:4)
  7 hobgoblin zombies (Ossuary)
  A jackal zombie (Ossuary)
  15 kobold zombies (Ossuary)
  8 orc zombies (Ossuary)
  A quokka zombie (D:4)
  8 rats
  2 rat zombies (Ossuary)
206 creatures vanquished.

Vanquished Creatures (collateral kills)
  A worm (D:2)
  3 goblins (D:4)
4 creatures vanquished.

Vanquished Creatures (others)
  10 foxfires (Bailey)
10 creatures vanquished.

Grand Total: 220 creatures vanquished

Notes
Turn   | Place    | Note
-------+----------+-------------------------------------------
     0 | D:1      | pokeman the Deep Elf Hedge Wizard began the quest for the
                  | Orb.
     0 | D:1      | Reached XP level 1. HP: 10/10 MP: 7/7
   269 | D:1      | Found a faded altar of an unknown god.
   447 | D:1      | Reached XP level 2. HP: 15/15 MP: 5/9
  1322 | D:2      | Reached skill level 5 in Spellcasting
  1482 | D:2      | Reached XP level 3. HP: 20/20 MP: 9/11
  1486 | D:2      | Learned a level 3 spell: Mephitic Cloud
  1489 | D:2      | Learned a level 2 spell: Call Imp
  1499 | D:2      | Learned a level 2 spell: Blink
  1503 | D:2      | Learned a level 3 spell: Conjure Flame
  1648 | D:2      | Reached skill level 1 in Armour
  1670 | D:2      | Reached skill level 1 in Fighting
  2252 | D:2      | Reached XP level 4. HP: 23/25 MP: 2/13
  2981 | D:3      | Reached skill level 1 in Fire Magic
  3182 | D:3      | Noticed Ijyb
  3184 | D:3      | Paralysed by Ijyb for 2 turns
  3200 | D:3      | Killed Ijyb
  3201 | D:3      | Reached skill level 6 in Spellcasting
  3201 | D:3      | Reached XP level 5. HP: 25/29 MP: 8/15
  3224 | D:3      | Noticed a sky beast
  3246 | D:3      | Killed a sky beast
  3247 | D:3      | Reached skill level 1 in Air Magic
  3784 | D:3      | Noticed Terence
  3791 | D:3      | Killed Terence
  3792 | D:3      | Reached XP level 6. HP: 34/34 MP: 7/17
  4246 | D:4      | Noticed Robin
  4297 | D:4      | Found a sand-covered staircase.
  4312 | Ossuary  | Entered an ossuary
  4691 | Ossuary  | Reached skill level 7 in Spellcasting
  4691 | Ossuary  | Reached skill level 1 in Poison Magic
  4691 | Ossuary  | Reached skill level 1 in Evocations
  5009 | Ossuary  | Reached skill level 1 in Necromancy
  5341 | D:4      | Killed Robin
  5628 | D:4      | Noticed Eustachio
  5656 | D:4      | Killed Eustachio
  5657 | D:4      | Reached XP level 7. HP: 10/39 MP: 6/20
  6006 | D:4      | Reached skill level 8 in Spellcasting
  6688 | D:5      | Entered Level 5 of the Dungeon
  6803 | D:5      | Found a staircase to the Ecumenical Temple.
  6812 | Temple   | Entered the Ecumenical Temple
  6902 | Temple   | Became a worshipper of Vehumet
  7061 | D:5      | Found a runed translucent door.
  7061 | D:5      | Identified the +4 ring mail "Pimiciat" {rElec rF- rCorr
                  | Int+4}
  7065 | D:5      | Noticed frimble's ghost (novice DsWr)
  7351 | D:6      | Reached XP level 8. HP: 44/44 MP: 19/22
  7357 | D:6      | Reached skill level 9 in Spellcasting
  7991 | D:6      | Noticed Grinder
  7993 | D:6      | Paralysed by Grinder for 7 turns
  7994 | D:6      | Reached skill level 5 in Conjurations
  8024 | D:6      | Paralysed by Grinder for 3 turns
  8049 | D:6      | Paralysed by Grinder for 6 turns
  8069 | D:6      | Killed Grinder
  8070 | D:6      | Reached skill level 10 in Spellcasting
  9383 | D:7      | Reached XP level 9. HP: 48/48 MP: 12/25
  9450 | D:7      | Found a flagged portal.
  9462 | Bailey   | Entered a bailey
  9520 | Bailey   | Noticed an orc knight
  9593 | Bailey   | Reached * piety under Vehumet
  9593 | Bailey   | Offered knowledge of Foxfire by Vehumet.
  9596 | Bailey   | Learned a level 1 spell: Foxfire
  9661 | Bailey   | Reached skill level 11 in Spellcasting
  9679 | Bailey   | Killed an orc knight
  9680 | Bailey   | Reached skill level 5 in Fire Magic
  9857 | Bailey   | Noticed an orc knight
  9936 | Bailey   | Killed an orc knight
  9937 | Bailey   | Reached skill level 12 in Spellcasting
 10318 | D:7      | Found a blossoming altar of Fedhas.
 10319 | D:7      | Found an ancient bone altar of Kikubaaqudgha.
 10319 | D:7      | Found a stormy altar of Qazlal.
 11006 | D:8      | Noticed a troll
 11067 | D:7      | Slain by a troll

Illustrated notes

Levels and vault maps discovered:
D:1:      sevenhm_arrival_forest_fort_large_1, layout_rooms,
          ebering_ecumenical_altar_hall, serial_bayou_lagoon_b
D:2:      minmay_chambers_of_ones, layout_rooms, minmay_snake_closets
D:3:      layout_loops_cross, minivault_19, hangedman_decor_points, hex_large,
          uniq_terence, uniq_ijyb
D:4:      layout_basic, enter_ossuary_4, minmay_diced_spiral, uniq_robin,
          uniq_eustachio
D:5:      layout_rooms, minmay_temple_entry_slanted, ebering_ghost_inner_flame
D:6:      layout_layer_cave, uniq_grinder
D:7:      layout_loops_corners, chequers_temple_overflow_statue_of_worship,
          enter_bailey_3
D:8:      layout_cave_pools, gammafunk_ghost_arena, kennysheep_generic_room_16,
          uniq_psyche
Temple:   mainiacjoe_temple_bowtie_tessellation

Skill      XL: |  1  2  3  4  5  6  7  8  9 |
---------------+----------------------------+-----
Spellcasting   | 5 6 7 8 10 12 | 12.5
Armour         | 1 3 |  3.0
Fighting       | 1 2 3 |  3.6
Conjurations   | 2 3 4 5 6 |  6.9
Fire Magic     | 1 2 4 5 |  5.9
Dodging        | 3 |  3.0
Air Magic      | 1 |  1.1
Stealth        | 3 |  3.0
Poison Magic   | 1 |  1.1
Evocations     | 1 |  1.3
Necromancy     | 1 |  1.0
Summonings     | |  1.1
Translocations | |  1.1

Action                   |  1- 3 |  4- 6 |  7- 9 || total
-------------------------+-------+-------+-------++-------
Melee: Short sword       |     1 |    78 |       ||    79
       Rapier            |       |       |    59 ||    59
 Cast: Magic Dart        |    99 |   178 |   173 ||   450
       Call Imp          |     1 |     2 |     5 ||     8
       Conjure Flame     |       |    13 |    14 ||    27
       Mephitic Cloud    |       |     6 |    24 ||    30
       Blink             |       |       |     6 ||     6
       Foxfire           |       |       |     5 ||     5
 Stab: Sleeping          |     1 |       |       ||     1
       Confused          |       |       |     9 ||     9
Armor: Leather armour    |     5 |    26 |    22 ||    53
Dodge: Dodged            |     8 |    63 |    50 ||   121

Table legend: (Time is in decaauts)
 A = Elapsed time spent in this place.
 B = Non-inter-level travel time spent in this place.
 C = Inter-level travel time spent in this place.
 D = Time resting spent in this place.
 E = Time spent auto-exploring this place.
 F = Levels seen in this place.
 G = Mean time per level.
                   A        B        C        D        E       F      G
               +--------+--------+--------+--------+--------+-----+--------+
         Total |  11091 |  10761 |    330 |    533 |   8073 |  11 | 1008.3 |
       Dungeon |   9455 |   9153 |    302 |    523 |   7153 |   8 | 1181.9 |
        Temple |    119 |     91 |     28 |      0 |     77 |   1 |  119.0 |
       Ossuary |    809 |    809 |      0 |     10 |    470 |   1 |  809.0 |
        Bailey |    707 |    707 |      0 |      0 |    373 |   1 |  707.0 |
               +--------+--------+--------+--------+--------+-----+--------+

Top non-repeatable levels by time:
     D:6: 1853 daAuts
     D:2: 1803 daAuts
     D:3: 1652 daAuts
     D:4: 1355 daAuts
     D:7: 1189 daAuts
     D:1: 1078 daAuts
 Ossuary: 809 daAuts
  Bailey: 707 daAuts
     D:5: 518 daAuts
  Temple: 119 daAuts
     D:8: 4 daAuts
